 Dungeon Crawl Stone Soup version 0.23.2-1-ga50397a (webtiles) character file.

Game seed: 16993047389903556843

633 sankara the Cleaver (level 7, -2/63 HPs)
             Began as a Hill Orc Monk on May 12, 2019.
             Slain by a hornet (8 damage)
             ... on level 3 of the Dungeon on May 13, 2019.
             The game lasted 00:13:00 (3920 turns).

sankara the Cleaver (Hill Orc Monk)                 Turns: 3920, Time: 00:13:00

Health: -2/63      AC: 10    Str: 19 (20) XL:     7   Next: 49%
Magic:  7/7        EV:  8    Int:  9 (10) God:
Gold:   185        SH:  0    Dex: 11 (13) Spells: 6/6 levels left

rFire    . . .     SeeInvis .   a - +0 hand axe
rCold    . . .     Gourm    .   (no shield)
rNeg     . . .     Faith    .   g - +0 chain mail
rPois    .         Spirit   .   l - +0 helmet
rElec    .         Reflect  .   (no cloak)
rCorr    .         Harm     .   (no gloves)
MR       .....                  (no boots)
Stlth    ..........             (no amulet)
HPRegen  0.20/turn              i - +4 ring of strength
MPRegen  0.10/turn              (no ring)

@: no status effects
A: no striking features
a: no special abilities


You were on level 3 of the Dungeon.
You were not hungry.

You visited 1 branch of the dungeon, and saw 4 of its levels.

You collected 185 gold pieces.

Inventory:

Hand Weapons
 a - a +0 hand axe (weapon)
 p - a +2 scythe of freezing
   (You found it on level 2 of the Dungeon)
 q - a +4 dagger
   (You took it off an orc on level 3 of the Dungeon)
 s - a +0 hunting sling
   (You took it off a goblin on level 3 of the Dungeon)
Missiles
 d - 105 stones (quivered)
Armour
 g - a +0 chain mail (worn)
   (You took it off Terence on level 2 of the Dungeon)
 l - a +0 helmet (worn)
   (You took it off Robin on level 2 of the Dungeon)
 n - a +0 shield
   (You found it on level 2 of the Dungeon)
Jewellery
 i - a +4 ring of strength (left hand)
   (You found it on level 1 of the Dungeon)
Wands
 m - a wand of polymorph (6)
   (You took it off Robin on level 2 of the Dungeon)
Scrolls
 b - 5 scrolls of identify {unknown}
 e - 2 scrolls of remove curse {unknown}
 h - a scroll of amnesia {unknown}
 j - a scroll of fog {unknown}
 u - a scroll of teleportation {unknown}
 v - a scroll of fear {unknown}
Potions
 f - a potion of curing
 k - a potion of flight
Comestibles
 c - 8 rations
 o - 5 chunks of flesh {@w0}


   Skills:
 + Level 6.2 Fighting
 * Level 8.8 Axes
 - Level 3.0 Armour
 - Level 2.4 Dodging
 - Level 1.5 Stealth


You had 6 spell levels left.
You didn't know any spells.
Your spell library was empty.

Dungeon Overview and Level Annotations

Branches:
Dungeon (4/15)
 Temple: D:4-7

Altars:
Sif Muna
Xom


Message History

There is a stone staircase leading up, spattered with blood here.
The hornet stings you.
You feel yourself slow down. The hound bites you but does no damage.
The hornet closely misses you.
You climb upwards.
You feel yourself speed up.
There is a stone staircase leading down, spattered with blood here.
You hit the hornet.
The hornet is lightly wounded.
You hit the hound but do no damage. The hound closely misses you.
The hornet stings you!
You feel yourself slow down. The hound bites you but does no damage.
You slash the hornet!
The hornet is moderately wounded.
You closely miss the hound.
You feel yourself speed up. The hornet stings you.
You suddenly lose the ability to move!
The hound bites you but does no damage.
The hornet stings you but does no damage.
The hound bites you but does no damage. The hornet stings you!
You are poisoned.
You feel yourself slow down. The hound bites you. The hornet stings you.
You feel as though you will be slow longer.
You can move again.
You are too injured to fight recklessly!
You miss the hornet.
The hornet is moderately wounded.
You closely miss the hound.
You feel sick. The hound barely misses you. The hornet stings you.
You feel as though you will be slow longer.
The hound barely misses you.
You feel sick. The hound bites you but does no damage. The hornet stings you.
You feel as though you will be slow longer.
The hound bites you but does no damage. The hornet barely misses you.
You feel sick. The hornet stings you!
* * * LOW HITPOINT WARNING * * *
You feel as though you will be slow longer.
The hound bites you but does no damage.
The hornet stings you but does no damage.
You feel sick. The hound barely misses you. The hound completely misses you.
Okay, then.
You feel better. The hound bites you.
* * * LOW HITPOINT WARNING * * *
The hound bites you.
* * * LOW HITPOINT WARNING * * *
You hit the hound but do no damage. The hound bites you but does no damage.
The hound bites you.
* * * LOW HITPOINT WARNING * * *
You hit the hound but do no damage.
You feel yourself speed up. The hound bites you.
* * * LOW HITPOINT WARNING * * *
The hound bites you but does no damage.
Your chain mail prevents you from hitting the hound.
The hound bites you but does no damage.
You hit the hound.
The hound is moderately wounded.
The hound bites you but does no damage.
You hit the hound.
The hound is heavily wounded.
The hound bites you.
* * * LOW HITPOINT WARNING * * *
The hound bites you but does no damage.
You hit the hound.
The hound is severely wounded.
The hound bites you but does no damage.
You barely miss the hound.
The hound is severely wounded.
The hound barely misses you.
You feel better.
The hound bites you but does no damage. x2
You miss the hound.
The hound is severely wounded.
The hound bites you but does no damage.
You hit the hound.
The hound is severely wounded.
The hound barely misses you.
Your chain mail prevents you from hitting the hound.
The hound is severely wounded.
The hound bites you.
* * * LOW HITPOINT WARNING * * *
The hound barely misses you.
You hit the hound.
The hound is almost dead.
The hound barely misses you.
You hit the hound.
The hound is almost dead.
The hound bites you but does no damage.
You completely miss the hound.
The hound is almost dead.
The hound bites you.
* * * LOW HITPOINT WARNING * * *
The hound bites you.
* * * LOW HITPOINT WARNING * * *
You hit the hound.
You kill the hound!
You feel your strength returning.
You hit the hornet but do no damage.
The hornet is moderately wounded.
The hornet stings you!
You die...

###.# #....[#
#.### #.# #.....#
#...# #.# #.....#
#.#.#
#.#####.....#
#...#
#.......#####
##.## ##÷)###.#
#.# ##>.###.# #.#
#÷#...#.# #.#
##..#.#@# #.#
##.#.#y# #.#
#.....##########.#
###.>))[.<.......#
################


You could see a hornet.

Vanquished Creatures
  A tengu (D:4)
  A boggart (D:2)
  Dowan (D:4)
  3 hounds
  2 orc priests
  An orc wizard (D:3)
  Terence (D:2)
  2 worker ants (D:3)
  Robin (D:2)
  4 gnolls
  2 adders (D:3)
  4 worms
  A dart slug (D:1)
  A leopard gecko (D:1)
  8 orcs
  5 giant cockroaches
  16 goblins
  4 hobgoblins
  8 jackals
  3 quokkas
  7 bats
  2 frilled lizards (D:1)
  A kobold (D:1)
  5 rats
84 creatures vanquished.

Notes
Turn   | Place    | Note
-------+----------+-------------------------------------------
     0 | D:1      | sankara the Hill Orc Monk began the quest for the Orb.
     0 | D:1      | Reached XP level 1. HP: 19/19 MP: 1/1
   158 | D:1      | Reached XP level 2. HP: 27/27 MP: 2/2
   530 | D:1      | Reached skill level 4 in Fighting
   603 | D:1      | Found a glowing golden altar of the Shining One.
   605 | D:1      | Found an ornate altar of the Wu Jian Council.
   605 | D:1      | Found a blossoming altar of Fedhas.
   607 | D:1      | Found a deep blue altar of Sif Muna.
   607 | D:1      | Found a blossoming altar of Fedhas.
   607 | D:1      | Found a shimmering altar of Xom.
   745 | D:2      | Noticed Robin
   756 | D:2      | Reached skill level 5 in Axes
   757 | D:2      | Reached XP level 3. HP: 20/33 MP: 3/3
   767 | D:2      | Killed Robin
   861 | D:2      | Found a deep blue altar of Sif Muna.
  1085 | D:2      | Noticed Terence
  1103 | D:2      | Killed Terence
  1103 | D:2      | Reached XP level 4. HP: 20/41 MP: 4/4
  1400 | D:2      | Reached skill level 6 in Axes
  1628 | D:2      | Noticed Sigmund
  1630 | D:2      | Noticed Sigmund
  1630 | D:2      | Sigmund changed into Sigmund the boggart
  1650 | D:2      | Killed Sigmund the boggart
  1650 | D:2      | Reached skill level 5 in Fighting
  1650 | D:2      | Reached skill level 1 in Armour
  1650 | D:2      | Reached XP level 5. HP: 22/48 MP: 5/5
  2376 | D:3      | Reached skill level 7 in Axes
  2376 | D:3      | Reached XP level 6. HP: 35/56 MP: 6/6
  2624 | D:3      | Reached skill level 2 in Armour
  3325 | D:4      | Noticed Duvessa
  3326 | D:4      | Noticed Duvessa
  3326 | D:4      | Duvessa changed into Duvessa the tengu
  3348 | D:4      | Killed Duvessa the tengu
  3352 | D:4      | Noticed Dowan
  3463 | D:4      | Killed Dowan
  3463 | D:4      | Reached skill level 8 in Axes
  3463 | D:4      | Reached XP level 7. HP: 62/62 MP: 7/7
  3552 | D:4      | Reached skill level 3 in Armour
  3710 | D:3      | Reached skill level 6 in Fighting
  3738 | D:4      | Noticed a hornet
  3898 | D:3      | Paralysed by a hornet for 2 turns
  3902 | D:3      | HP: 10/63 [hornet (10)]
  3909 | D:3      | HP: 3/63 [hound (4)]
  3915 | D:3      | HP: 7/63 [hound (2)]
  3920 | D:3      | Slain by a hornet

Skill      XL: |  1  2  3  4  5  6  7 |
---------------+----------------------+-----
Fighting       | 4 5 6 |  6.2
Axes           | 5 6 7 8 |  8.8
Armour         | 1 2 3 |  3.0
Dodging        | |  2.4
Stealth        | |  1.5

Action                   |  1- 3 |  4- 6 |  7- 9 || total
-------------------------+-------+-------+-------++-------
Melee: Hand axe          |    71 |   189 |    65 ||   325
       Unarmed           |    16 |       |       ||    16
Throw: Stone             |       |     3 |       ||     3
Evoke: Wand              |       |     3 |       ||     3
  Use: Potion            |     3 |       |     4 ||     7
 Stab: Confused          |     2 |       |       ||     2
  Eat: Chunk             |     1 |     7 |     2 ||    10
Armor: Leather armour    |    16 |       |       ||    16
       Robe              |     1 |       |       ||     1
       Skin              |     9 |       |       ||     9
       Chain mail        |       |   126 |    54 ||   180
Dodge: Dodged            |    72 |    92 |    31 ||   195

Levels and vault maps discovered:
D:1:      lemuel_arrival_rhombus, layout_loops_ring, doesnt_xom_only_xom
D:2:      layout_loops_ring, lemuel_crystal_altar, first_ration, serial_glass,
          glass_columns_b, glass_columns_a, feat_on_display, feat_on_display,
          feat_on_display, minmay_strange_pillars, minivault_11,
          kennysheep_small_spiral, uniq_robin, uniq_terence, uniq_sigmund
D:3:      layout_loops_cross
D:4:      layout_rooms, minmay_misc_feat_rows, st_stairs_13, uniq_duvessa

Table legend:
 A = Turns spent in this place as a percentage of turns spent in the entire game.
 B = Non-inter-level travel turns spent in this place as a percentage of non-inter-level travel turns spent in the entire game.
 C = Inter-level travel turns spent in this place as a percentage of turns spent in this place.
 D = Turns resting spent in this place as a percentage of non-inter-level travel turns spent in this place.
 E = Turns spent auto-exploring this place as a percentage of non-inter-level travel turns spent in this place.
 F = Non-inter-level travel turns spent in this place divided by the number of levels of this place that you've seen.
                   A       B       C       D       E      F
               +-------+-------+-------+-------+-------+----------------------
         Total | 100.0 | 100.0 |   5.6 |  28.3 |  45.6 | 925.5
       Dungeon | 100.0 | 100.0 |   5.6 |  28.3 |  45.6 | 925.5
               +-------+-------+-------+-------+-------+----------------------

Table legend:
 A = Kills in this place as a percentage of kills in entire the game.
 B = Kills by you in this place as a percentage of kills by you in the entire game.
 C = Kills by friends in this place as a percentage of kills by friends in the entire game.
 D = Other kills in this place as a percentage of other kills in the entire game.
 E = Experience gained in this place as a percentage of experience gained in the entire game.
 F = Experience gained in this place divided by the number of levels of this place that you have seen.
                   A       B       C       D       E      F
               +-------+-------+-------+-------+-------+----------------------
         Total | 100.0 | 100.0 |   N/A |   N/A | 100.0 | 226.2
       Dungeon | 100.0 | 100.0 |   N/A |   N/A | 100.0 | 226.2
               +-------+-------+-------+-------+-------+----------------------
